| TOP OF THE 1ST |
|
Wilmington Blue Rocks batting - Pitching for Salem Red Sox : RHP Pedro Fuentes
|
|
Pitching: RHP Pedro Fuentes
|
|
|
Batting: SHB Arturo Baez
|
0-0: Ball 1-0: Ball 2-0: Called Strike 2-1: Ball 3-1: Base on Balls
|
|
Batting: LHB Mike Bhatti
|
0-0: Ball 1-0: Ball 2-0: Ball Arturo Baez is caught stealing 2nd base 2-6 3-0: SINGLE (Line Drive, 56, EV 98.8 MPH)
|
|
Batting: LHB Danny Pacheco
|
0-0: Swinging Strike 0-1: Ball 1-1: Ball 2-1: Foul Ball, location: 2F 2-2: Fly out, F8 (Flyball, 8LXD, EV 91.3 MPH)
|
|
Batting: RHB Nate De Jongh
|
0-0: Called Strike 0-1: Ball 1-1: Fly out, F4 (Line Drive, 34, EV 94.4 MPH)
|
| Top of the 1st over - 0 runs, 1 hit, 0 errors, 1 left on base; Wilmington 0 - Salem 0 |
| BOTTOM OF THE 1ST |
|
Salem Red Sox batting - Pitching for Wilmington Blue Rocks : LHP Butch Ott
|
|
Pitching: LHP Butch Ott
|
|
|
Batting: LHB Eric Gaugler
|
0-0: Ball 1-0: Ball 2-0: Called Strike 2-1: Called Strike 2-2: SINGLE (Groundball, 3D, EV 105.6 MPH)
|
|
Batting: RHB Kirk Cully
|
0-0: Called Strike 0-1: Swinging Strike 0-2: Ball 1-2: Ball 2-2: Ball 3-2: Foul Ball, location: 3F 3-2: Foul Ball, location: 23F 3-2: Strikes out looking
|
|
Batting: RHB Willie Camacho
|
0-0: Called Strike 0-1: Ball 1-1: Foul Ball, location: 2F 1-2: Foul Ball, location: 3SF 1-2: Ball 2-2: Ball 3-2: Foul Ball, location: 9LDF 3-2: Base on Balls Eric Gaugler to second
|
|
Batting: RHB Miguel Villanueva
|
0-0: Ball 1-0: Ball 2-0: Called Strike 2-1: Ball 3-1: Swinging Strike 3-2: Base on Balls Eric Gaugler to third Willie Camacho to second
|
|
Batting: RHB Felix Rangel
|
0-0: Called Strike 0-1: Fly out, F8 (Flyball, 89XD, EV 98.8 MPH) Runner from 3rd tags up, SCORES, no throw by CF
|
|
Batting: RHB Bob Reichley
|
0-0: Ball 1-0: Called Strike 1-1: Foul Ball, location: 9LSF 1-2: Strikes out looking
|
| Bottom of the 1st over - 1 run, 1 hit, 0 errors, 2 left on base; Wilmington 0 - Salem 1 |
| TOP OF THE 2ND |
|
Wilmington Blue Rocks batting - Pitching for Salem Red Sox : RHP Pedro Fuentes
|
|
Batting: RHB Jonas Fernandez
|
0-0: Ball 1-0: Ball 2-0: Ball 3-0: Called Strike 3-1: Base on Balls
|
|
Batting: LHB Efrem Isaev
|
0-0: Sac Bunt to 15 - play at first, batter OUT! 1-3 Jonas Fernandez to second
|
|
Batting: RHB David Rubio
|
0-0: Called Strike 0-1: Called Strike 0-2: Foul Ball, location: 7LMFF 0-2: Strikes out swinging
|
|
Batting: SHB Glenn Harrison
|
0-0: Swinging Strike 0-1: Ball 1-1: SINGLE (Groundball, 34S, EV 73.8 MPH) (infield hit) Jonas Fernandez to third
|
|
Batting: RHB Shura Mogilny
|
0-0: Ball 1-0: Called Strike 1-1: Foul Ball, location: 2F 1-2: Ball 2-2: Strikes out looking
|
| Top of the 2nd over - 0 runs, 1 hit, 0 errors, 2 left on base; Wilmington 0 - Salem 1 |
| BOTTOM OF THE 2ND |
|
Salem Red Sox batting - Pitching for Wilmington Blue Rocks : LHP Butch Ott
|
|
Batting: LHB Alexis Toxqui
|
0-0: Swinging Strike 0-1: Ball 1-1: Foul Ball, location: 23F 1-2: Ball 2-2: Strikes out looking
|
|
Batting: SHB Mel Gonzalez
|
0-0: Called Strike 0-1: Ball 1-1: Ball 2-1: Ball 3-1: Base on Balls
|
|
Batting: LHB Makoto Shimazu
|
0-0: Called Strike 0-1: Ball 1-1: Foul Ball, location: 9LMF 1-2: Ball 2-2: Strikes out swinging
|
|
Batting: LHB Eric Gaugler
|
0-0: Ball 1-0: Foul Ball, location: 5F 1-1: Ball 2-1: SINGLE (Line Drive, 34, EV 104.4 MPH) Mel Gonzalez to second Throwing error, E9 Mel Gonzalez scores Eric Gaugler to second
|
|
Batting: RHB Kirk Cully
|
0-0: Called Strike 0-1: Called Strike 0-2: Foul Ball, location: 5FF 0-2: Ball 1-2: Strikes out looking
|
| Bottom of the 2nd over - 1 run, 1 hit, 1 error, 1 left on base; Wilmington 0 - Salem 2 |
| TOP OF THE 3RD |
|
Wilmington Blue Rocks batting - Pitching for Salem Red Sox : RHP Pedro Fuentes
|
|
Batting: SHB Arturo Baez
|
0-0: Foul Ball, location: 7LMF 0-1: Called Strike 0-2: Ball 1-2: Foul Ball, location: 2F 1-2: Ground out 4-3 (Groundball, 4S, EV 105.0 MPH)
|
|
Batting: LHB Mike Bhatti
|
0-0: Ball 1-0: Ball 2-0: Called Strike 2-1: Ball 3-1: SINGLE (Line Drive, 8LS, EV 90.6 MPH)
|
|
Batting: LHB Danny Pacheco
|
0-0: Called Strike 0-1: Foul Ball, location: 2RF 0-2: Foul Ball, location: 3FF 0-2: Ground out 4-3 (Groundball, 34S, EV 81.3 MPH) Mike Bhatti to second
|
|
Batting: RHB Nate De Jongh
|
0-0: Called Strike 0-1: Foul Ball, location: 2F 0-2: Ball 1-2: Ground out 1-3 (Groundball, 13, EV 70.0 MPH)
|
| Top of the 3rd over - 0 runs, 1 hit, 0 errors, 1 left on base; Wilmington 0 - Salem 2 |
| BOTTOM OF THE 3RD |
|
Salem Red Sox batting - Pitching for Wilmington Blue Rocks : LHP Butch Ott
|
|
Batting: RHB Willie Camacho
|
0-0: Ball 1-0: Ball 2-0: Foul Ball, location: 3SF 2-1: Ball 3-1: Foul Ball, location: 9LDF 3-2: Foul Ball, location: 3FF 3-2: Strikes out looking
|
|
Batting: RHB Miguel Villanueva
|
0-0: Called Strike 0-1: Foul Ball, location: 2F 0-2: Ball 1-2: Ball 2-2: Fly out, F7 (Flyball, 78D, EV 99.4 MPH)
|
|
Batting: RHB Felix Rangel
|
0-0: Ground out 4-3 (Groundball, 4MD, EV 96.3 MPH)
|
| Bottom of the 3rd over - 0 runs, 0 hits, 0 errors, 0 left on base; Wilmington 0 - Salem 2 |
| TOP OF THE 4TH |
|
Wilmington Blue Rocks batting - Pitching for Salem Red Sox : RHP Pedro Fuentes
|
|
Batting: RHB Jonas Fernandez
|
0-0: Ball 1-0: Ball 2-0: Called Strike 2-1: Foul Ball, location: 2F 2-2: Ball 3-2: Base on Balls
|
|
Batting: LHB Efrem Isaev
|
0-0: Called Strike 0-1: Bunted foul 0-2: Ball 1-2: Strikes out swinging
|
|
Batting: RHB David Rubio
|
0-0: Swinging Strike 0-1: Called Strike 0-2: Ball 1-2: Ball 2-2: Strikes out swinging
|
|
Batting: SHB Glenn Harrison
|
0-0: Ball 1-0: Ball 2-0: Ball 3-0: Base on Balls Jonas Fernandez to second
|
|
Batting: RHB Shura Mogilny
|
0-0: Ground out 3-1 (Groundball, 34S, EV 92.5 MPH)
|
| Top of the 4th over - 0 runs, 0 hits, 0 errors, 2 left on base; Wilmington 0 - Salem 2 |
| BOTTOM OF THE 4TH |
|
Salem Red Sox batting - Pitching for Wilmington Blue Rocks : LHP Butch Ott
|
|
Batting: RHB Bob Reichley
|
0-0: Foul Ball, location: 5F 0-1: Fly out, F8 (Line Drive, 89M, EV 88.8 MPH)
|
|
Batting: LHB Alexis Toxqui
|
0-0: SINGLE (Line Drive, 3D, EV 103.1 MPH)
|
|
Batting: SHB Mel Gonzalez
|
0-0: Called Strike 0-1: Ball 1-1: Foul Ball, location: 9LSF 1-2: Ball 2-2: Foul Ball, location: 2F 2-2: Grounds into double play, 6-4-3 (Groundball, 6, EV 80.0 MPH)
|
| Bottom of the 4th over - 0 runs, 1 hit, 0 errors, 0 left on base; Wilmington 0 - Salem 2 |
| TOP OF THE 5TH |
|
Wilmington Blue Rocks batting - Pitching for Salem Red Sox : RHP Pedro Fuentes
|
|
Batting: SHB Arturo Baez
|
0-0: Ball 1-0: Ball 2-0: Ball 3-0: Called Strike 3-1: DOUBLE (Line Drive, 5D, EV 105.0 MPH)
|
|
Pitching: RHP Jose Duran
|
|
|
Batting: LHB Mike Bhatti
|
0-0: Swinging Strike 0-1: Swinging Strike 0-2: Strikes out swinging
|
|
Batting: LHB Danny Pacheco
|
0-0: SINGLE (Line Drive, 8RS, EV 97.5 MPH) Arturo Baez to third
|
|
Batting: RHB Nate De Jongh
|
0-0: Foul Ball, location: 2F 0-1: Foul Ball, location: 23F 0-2: Fly out, F8 (Flyball, 8LXD, EV 95.6 MPH) Runner from 3rd tags up, SCORES, no throw by CF
|
|
Batting: RHB Jonas Fernandez
|
0-0: Ball Wild Pitch! Danny Pacheco to second 1-0: Ball 2-0: SINGLE (Groundball, 34D, EV 105.0 MPH) Danny Pacheco to third Runner from 3rd tries for Home, SAFE, throw by RF to home
|
|
Batting: LHB Efrem Isaev
|
0-0: Ground out 4-3 (Groundball, 34, EV 98.8 MPH)
|
| Top of the 5th over - 2 runs, 3 hits, 0 errors, 1 left on base; Wilmington 2 - Salem 2 |
| BOTTOM OF THE 5TH |
|
Salem Red Sox batting - Pitching for Wilmington Blue Rocks : LHP Butch Ott
|
|
Batting: LHB Makoto Shimazu
|
0-0: Swinging Strike 0-1: Ball 1-1: Swinging Strike 1-2: Fly out, F7 (Flyball, 7D, EV 93.1 MPH)
|
|
Batting: LHB Eric Gaugler
|
0-0: Ball 1-0: Foul Ball, location: 7LMF 1-1: Ball 2-1: Swinging Strike 2-2: Strikes out swinging
|
|
Batting: RHB Kirk Cully
|
0-0: Ball 1-0: Called Strike 1-1: Ground out 6-3 (Groundball, 6M, EV 86.3 MPH)
|
| Bottom of the 5th over - 0 runs, 0 hits, 0 errors, 0 left on base; Wilmington 2 - Salem 2 |
| TOP OF THE 6TH |
|
Wilmington Blue Rocks batting - Pitching for Salem Red Sox : RHP Jose Duran
|
|
Batting: RHB David Rubio
|
0-0: SINGLE (Groundball, 3D, EV 102.5 MPH)
|
|
Batting: SHB Glenn Harrison
|
0-0: Sac Bunt to P - play at first, batter OUT! 1-3 David Rubio to second
|
|
Pinch Hitting: LHB Danny Zuniga
|
0-0: Ball 1-0: Called Strike 1-1: Swinging Strike 1-2: Foul Ball, location: 2F 1-2: Ball 2-2: SINGLE (Groundball, 4D, EV 95.6 MPH) David Rubio to third
|
|
Batting: SHB Arturo Baez
|
0-0: Ball 1-0: Ground out 4-3 (Groundball, 4, EV 64.4 MPH) David Rubio scores Danny Zuniga to second
|
|
Batting: LHB Mike Bhatti
|
0-0: Ball 1-0: Ball 2-0: Called Strike 2-1: Swinging Strike 2-2: Ground out 4-3 (Groundball, 4, EV 103.1 MPH)
|
| Top of the 6th over - 1 run, 2 hits, 0 errors, 1 left on base; Wilmington 3 - Salem 2 |
| BOTTOM OF THE 6TH |
|
Salem Red Sox batting - Pitching for Wilmington Blue Rocks : LHP Butch Ott
|
|
Pitching: RHP Tony Jimenez
|
|
|
Now in RF: Shohei Nishi
|
|
|
Batting: RHB Willie Camacho
|
0-0: Called Strike 0-1: Called Strike 0-2: Ball 1-2: Ball 2-2: Ball 3-2: Foul Ball, location: 23F 3-2: Base on Balls
|
|
Batting: RHB Miguel Villanueva
|
0-0: Foul Ball, location: 9LDF 0-1: SINGLE (Line Drive, 34, EV 99.4 MPH) Willie Camacho to second
|
|
Batting: RHB Felix Rangel
|
0-0: Foul Ball, location: 23F 0-1: Fly out, F8 (Line Drive, 89M, EV 99.4 MPH)
|
|
Pinch Hitting: RHB Chris Zubia
|
0-0: Ball 1-0: Swinging Strike 1-1: Swinging Strike 1-2: Strikes out swinging
|
|
Pinch Hitting: RHB Luis Nino
|
0-0: Swinging Strike 0-1: SINGLE (Line Drive, 34, EV 99.4 MPH) Willie Camacho to third Miguel Villanueva to second Runner from 3rd tries for Home, SAFE, throw by RF to home
|
|
Batting: SHB Mel Gonzalez
|
0-0: Ball 1-0: Fly out, F4 (Line Drive, 4, EV 74.4 MPH)
|
| Bottom of the 6th over - 1 run, 2 hits, 0 errors, 2 left on base; Wilmington 3 - Salem 3 |
| TOP OF THE 7TH |
|
Wilmington Blue Rocks batting - Pitching for Salem Red Sox : RHP Jose Duran
|
|
Now at 1B: Chris Zubia
|
|
|
Now in LF: Bakhtiar Asadov
|
|
|
Now in RF: Felix Rangel
|
|
|
Batting: LHB Danny Pacheco
|
0-0: Ground out 6-3 (Groundball, 4, EV 105.0 MPH)
|
|
Batting: RHB Nate De Jongh
|
0-0: Ball 1-0: Ball 2-0: Called Strike 2-1: Fly out, F8 (Flyball, 8LM, EV 81.9 MPH)
|
|
Batting: RHB Jonas Fernandez
|
0-0: Ball 1-0: Ball 2-0: Called Strike 2-1: DOUBLE (Groundball, 5L, EV 105.6 MPH)
|
|
Batting: LHB Efrem Isaev
|
0-0: Ball 1-0: Ball 2-0: Ball 3-0: Called Strike 3-1: Foul Ball, location: 23FF 3-2: Strikes out swinging
|
| Top of the 7th over - 0 runs, 1 hit, 0 errors, 1 left on base; Wilmington 3 - Salem 3 |
| BOTTOM OF THE 7TH |
|
Salem Red Sox batting - Pitching for Wilmington Blue Rocks : RHP Tony Jimenez
|
|
Pinch Hitting: RHB Ryan Davis
|
0-0: Ball 1-0: Swinging Strike 1-1: Swinging Strike 1-2: Strikes out looking
|
|
Batting: LHB Eric Gaugler
|
0-0: Foul Ball, location: 3DF 0-1: Swinging Strike 0-2: Strikes out swinging
|
|
Batting: RHB Kirk Cully
|
0-0: SINGLE (Groundball, 34D, EV 105.0 MPH)
|
|
Batting: RHB Willie Camacho
|
0-0: Foul Ball, location: 3F 0-1: Ball 1-1: Ball 2-1: Ball 3-1: Foul Ball, location: 9LMFF 3-2: Base on Balls Kirk Cully to second
|
|
Batting: RHB Miguel Villanueva
|
0-0: Ball 1-0: Ball 2-0: Ball 3-0: Called Strike 3-1: Foul Ball, location: 2F 3-2: Ground out 6-3 (Groundball, 6M, EV 78.8 MPH)
|
| Bottom of the 7th over - 0 runs, 1 hit, 0 errors, 2 left on base; Wilmington 3 - Salem 3 |
| TOP OF THE 8TH |
|
Wilmington Blue Rocks batting - Pitching for Salem Red Sox : RHP Jose Duran
|
|
Now at SS: Darby Starburster
|
|
|
Pinch Hitting: LHB Edgar Ortiz
|
0-0: Foul Ball, location: 25FF 0-1: Foul Ball, location: 23F 0-2: Fly out, F7 (Flyball, 78S, EV 90.0 MPH)
|
|
Batting: SHB Glenn Harrison
|
0-0: Foul Ball, location: 7LMF 0-1: Ground out 4-3 (Groundball, 4S, EV 69.4 MPH)
|
|
Batting: LHB Shohei Nishi
|
0-0: Called Strike 0-1: Ball 1-1: Ball 2-1: Called Strike 2-2: Ball 3-2: Foul Ball, location: 2F 3-2: Fly out, F8 (Flyball, 8LD, EV 111.3 MPH)
|
| Top of the 8th over - 0 runs, 0 hits, 0 errors, 0 left on base; Wilmington 3 - Salem 3 |
| BOTTOM OF THE 8TH |
|
Salem Red Sox batting - Pitching for Wilmington Blue Rocks : RHP Tony Jimenez
|
|
Now at C: Jason Birge
|
|
|
Batting: RHB Felix Rangel
|
0-0: Called Strike 0-1: Reached on error, E6 (Groundball, 6, EV 88.8 MPH)
|
|
Batting: RHB Chris Zubia
|
0-0: Sac Bunt to 2R - play at first, batter OUT! 2-3 Felix Rangel to second
|
|
Batting: RHB Bakhtiar Asadov
|
0-0: Intentional Walk
|
|
Pinch Hitting: RHB Mo Tsang
|
0-0: Called Strike 0-1: Swinging Strike 0-2: Ball 1-2: Strikes out swinging
|
|
Batting: LHB Darby Starburster
|
0-0: Called Strike 0-1: Ball 1-1: Swinging Strike 1-2: Ball 2-2: Strikes out swinging, 2-3 out at first.
|
| Bottom of the 8th over - 0 runs, 0 hits, 1 error, 2 left on base; Wilmington 3 - Salem 3 |
| TOP OF THE 9TH |
|
Wilmington Blue Rocks batting - Pitching for Salem Red Sox : RHP Jose Duran
|
|
Pitching: RHP Paul Carter
|
|
|
Now at C: Wayne Whimster
|
|
|
Batting: SHB Arturo Baez
|
0-0: Ball 1-0: Foul Ball, location: 7LDF 1-1: Foul Ball, location: 5F 1-2: Foul Ball, location: 3FF 1-2: Strikes out looking
|
|
Batting: LHB Mike Bhatti
|
0-0: Ball 1-0: Called Strike 1-1: Foul Ball, location: 2F 1-2: Fly out, F5 (Popup, 5, EV 64.4 MPH)
|
|
Batting: LHB Danny Pacheco
|
0-0: Foul Ball, location: 7LSFF 0-1: Ball 1-1: Ground out 4-3 (Groundball, 34D, EV 108.8 MPH)
|
| Top of the 9th over - 0 runs, 0 hits, 0 errors, 0 left on base; Wilmington 3 - Salem 3 |
| BOTTOM OF THE 9TH |
|
Salem Red Sox batting - Pitching for Wilmington Blue Rocks : RHP Tony Jimenez
|
|
Pitching: LHP Ken Milhouse
|
|
|
Batting: LHB Eric Gaugler
|
0-0: Ball 1-0: Ball 2-0: SINGLE (Groundball, 4D, EV 101.3 MPH)
|
|
Pitching: RHP Itsuki Eguchi
|
|
|
Batting: RHB Kirk Cully
|
0-0: Called Strike Eric Gaugler is caught stealing 2nd base 2-4 0-1: SINGLE (Groundball, 3D, EV 98.8 MPH)
|
|
Batting: RHB Willie Camacho
|
0-0: Called Strike 0-1: Ball 1-1: Ball Kirk Cully steals 2nd base (no throw) 2-1: Foul Ball, location: 2F 2-2: Foul Ball, location: 9LDF 2-2: Foul Ball, location: 5F 2-2: Ball 3-2: Foul Ball, location: 2F 3-2: Strikes out looking
|
|
Batting: RHB Miguel Villanueva
|
0-0: Ball 1-0: Ball 2-0: DOUBLE (Line Drive, 5D, EV 103.1 MPH) Kirk Cully scores
|
| Bottom of the 9th over - 1 run, 3 hits, 0 errors, 1 left on base; Wilmington 3 - Salem 4 |
|